 Dungeon Crawl Stone Soup version 0.24.1-4-ge52af88ad5 (webtiles) character file.

Game seed: 17713563416163951895, levelgen mode: deterministic

847 Destapler the Fighter (level 7, -2/68 HPs)
             Began as a Minotaur Fighter on Apr 15, 2020.
             Slain by a hippogriff (3 damage)
             ... on level 3 of the Dungeon.
             The game lasted 00:07:43 (3192 turns).

Destapler the Fighter (Minotaur Fighter)            Turns: 3192, Time: 00:07:43

Health: -2/68      AC:  8    Str: 25    XL:     7   Next: 68%
Magic:  6/6        EV:  7    Int: 10    God:
Gold:   133        SH: 10    Dex: 12    Spells: 6/6 levels left

rFire    + . .     SeeInvis .   a - +0 war axe
rCold    + . .     Gourm    .   c - +0 shield
rNeg     . . .     Faith    .   b - +0 scale mail
rPois    +         Spirit   .   (helmet restricted)
rElec    +         Reflect  .   (no cloak)
rCorr    +         Harm     .   (no gloves)
MR       .....                  n - +0 pair of boots
Stlth    ..........             (no amulet)
HPRegen  0.21/turn              (no ring)
MPRegen  0.10/turn              (no ring)

@: mighty, brilliant, resistant
A: retaliatory headbutt, horns 2
a: no special abilities


You were on level 3 of the Dungeon.
You were not hungry.

You visited 1 branch of the dungeon, and saw 6 of its levels.
You also visited: Sewer.

You collected 133 gold pieces.

Inventory:

Hand Weapons
 a - a +0 war axe (weapon)
Missiles
 g - 2 boomerangs (quivered)
 x - 5 atropa-tipped darts
Armour
 b - a +0 scale mail (worn)
 c - a +0 shield (worn)
 n - a +0 pair of boots (worn)
Wands
 p - a wand of random effects (21)
 v - a wand of scattershot (2)
 w - a wand of flame (23)
Scrolls
 h - 3 scrolls of remove curse
 i - 9 scrolls of identify {unknown}
 j - 2 scrolls of enchant armour {unknown}
 l - a scroll of enchant weapon {unknown}
 m - 3 scrolls of teleportation {unknown}
 o - a scroll of magic mapping {unknown}
 q - a scroll of brand weapon {unknown}
 t - a scroll of blinking
Potions
 d - 2 potions of might
 k - 8 potions of curing {unknown}
 r - a potion of haste {unknown}
 s - a potion of heal wounds {unknown}
Comestibles
 f - 11 rations


   Skills:
 + Level 8.2 Fighting
 + Level 7.7 Axes
 - Level 3.6 Armour
 - Level 3.6 Shields


You had 6 spell levels left.
You didn't know any spells.
Your spell library contained the following spells:

 Spells                   Type           Power        Failure   Level  Hunger
 Sandblast                Erth           #.....       34%         1    ##.....
 Passwall                 Tmut/Erth      #.......     47%         2    ###....
 Stone Arrow              Conj/Erth      #.....       67%         3    ####...
 Petrify                  Tmut/Erth      #.......     95%         4    #####..
 Lee's Rapid Deconstruct  Erth           #.........   99%         5    ######.


Dungeon Overview and Level Annotations

Branches:
Dungeon (6/15)              Sewer (visited)
 Temple: D:4-7

Altars:
Trog

Annotations:
D:3 1 transporter, Descartes's ghost, amateur FoFi


Innate Abilities, Weirdness & Mutations

You reflexively headbutt those who attack you in melee.
You have a pair of horns on your head.


Message History

You kill the bat!
You slash the hippogriff! You block Descartes's ghost's attack.
The hippogriff bites you!
* * * LOW HITPOINT WARNING * * *
You block the hippogriff's attack. The hippogriff claws you.
* * * LOW HITPOINT WARNING * * *
Unknown command.
It was a potion of resistance.
You feel protected.
Descartes's ghost screams, "You must not succeed where I failed!"
Descartes's ghost barely misses you.
The hippogriff bites you but does no damage.
The hippogriff pecks you but does no damage.
You block the hippogriff's attack.
It was a potion of brilliance.
You feel clever all of a sudden. You block Descartes's ghost's attack.
The hippogriff bites you.
* * * LOW HITPOINT WARNING * * *
The hippogriff barely misses you. The hippogriff claws you.
You die...

...............#.#####.###.##
...............#.### #.###.#
...................###.....#
.........#########..##.....#
........##......!##.##.....#
........#8.##.##.8#.##.#...#
........#..##.##.(#....#.###
........#..H.....$#..###.#
..###+[©#..W@©...(#©..##.####
# #.?.#..)†.....#..........
#.#.#..##.##..#.#.##.#...
#.#.#8.##.##.8#.#.##.#...
#.#.##©......##......#...
#.#..#########..#...##...
##............#...##...
#..........#.#...##...
#..........'.#...##...


You could see a hippogriff and Descartes's ghost.

Vanquished Creatures
  3 ogres
  3 bullfrogs
  A scorpion (D:4)
  2 hounds
  A jelly (D:4)
  An orc wizard (D:6)
  Ijyb (D:4)
  A worker ant (D:6)
  6 adders
  A shadow imp (D:3)
  5 leopard geckos (Sewer)
  8 orcs
  6 bats
  11 giant cockroaches
  14 goblins
  7 hobgoblins
  7 jackals (D:2)
  A quokka (D:2)
  2 ball pythons (D:4)
  9 frilled lizards
  4 kobolds
  11 rats
105 creatures vanquished.

Notes
Turn   | Place    | Note
-------+----------+-------------------------------------------
     0 | D:1      | Destapler the Minotaur Fighter began the quest for the Orb.
     0 | D:1      | Reached XP level 1. HP: 19/19 MP: 0/0
    94 | D:1      | Reached skill level 4 in Fighting
    94 | D:1      | Reached XP level 2. HP: 24/27 MP: 1/1
   596 | D:2      | Reached XP level 3. HP: 29/34 MP: 2/2
   843 | D:2      | Found a bloodstained altar of Trog.
   884 | D:2      | Noticed an ogre
   889 | D:2      | Killed an ogre
   889 | D:2      | Reached skill level 5 in Fighting
   889 | D:2      | Reached XP level 4. HP: 42/42 MP: 3/3
   985 | D:2      | Reached XP level 5. HP: 48/48 MP: 4/4
  1428 | D:3      | Found a transporter.
  1450 | D:3      | Reached skill level 5 in Axes
  1456 | D:3      | You fall into a shaft and drop 3 floors!
  1471 | D:6      | Reached skill level 6 in Fighting
  1475 | D:6      | Reached XP level 6. HP: 38/57 MP: 5/5
  1633 | D:5      | Entered Level 5 of the Dungeon
  1844 | D:4      | Found a glowing drain.
  1877 | Sewer    | Entered a sewer
  1888 | Sewer    | Reached skill level 7 in Fighting
  2041 | Sewer    | Reached XP level 7. HP: 52/66 MP: 6/6
  2504 | D:4      | Reached skill level 8 in Fighting
  2734 | D:4      | Noticed Ijyb
  2746 | D:4      | Killed Ijyb
  3163 | D:3      | Noticed a hippogriff
  3163 | D:3      | Noticed Descartes's ghost (amateur FoFi)
  3170 | D:3      | Found a transporter.
  3190 | D:3      | HP: 2/68 [hippogriff (2)]
  3192 | D:3      | Slain by a hippogriff

Levels and vault maps discovered:
D:1:      beargit_arrival_greenhouse, layout_basic
D:2:      layout_rooms, columned_hall_lemuel, trog_three_pillars_becter
D:3:      layout_basic, gammafunk_ghost_arena
D:4:      kennysheep_the_goblin_king, layout_basic, portal_sewer_entry_a
D:5:      wad_river_or_something, layout_layer_cave,
          chequers_temple_overflow_minitemple, first_ration, serial_shops,
          shop_statue, chequers_arboretum
D:6:      layout_loops_ring, minmay_temple_entry_tees

Skill      XL: |  1  2  3  4  5  6  7 |
---------------+----------------------+-----
Fighting       | 4 5 6 7 8 |  8.2
Axes           | 3 4 5 6 7 |  7.7
Armour         | |  3.6
Shields        | |  3.6

Action                   |  1- 3 |  4- 6 |  7- 9 || total
-------------------------+-------+-------+-------++-------
Melee: War axe           |    93 |    85 |    54 ||   232
       Headbutt          |     9 |    22 |    11 ||    42
       Hand axe          |       |    23 |       ||    23
Throw: Boomerang         |       |     3 |       ||     3
  Use: Scroll            |       |     2 |       ||     2
       Potion            |       |       |     3 ||     3
  Eat: Chunk             |       |     4 |     4 ||     8
Armor: Scale mail        |    38 |    47 |    31 ||   116
Dodge: Dodged            |    30 |    35 |    27 ||    92
Block: Shield            |    53 |    45 |    39 ||   137
